 Dungeon Crawl Stone Soup version 0.22-a0-322-g60b3cfd (webtiles) character file.

47 JeffiDaFish the Firebug (level 3, 0/26 HPs)
             Began as a Draconian Fire Elementalist on Apr 3, 2018.
             Succumbed to a scorpion's poison
             ... on level 2 of the Dungeon.
             The game lasted 00:03:21 (2539 turns).

JeffiDaFish the Firebug (DrFE)                      Turns: 2539, Time: 00:03:22

Health: 0/26       AC:  5    Str: 10    XL:     3   Next: 48%
Magic:  1/6        EV: 12    Int: 16    God:
Gold:   27         SH:  0    Dex: 11    Spells: 3/7 levels left

rFire    . . .     SeeInvis .   c - +0 dagger
rCold    . . .     Gourm    .   (no shield)
rNeg     . . .     Faith    .   (armour unavailable)
rPois    .         Spirit   .   (helmet restricted)
rElec    .         Reflect  .   (no cloak)
rCorr    .         Harm     .   (no gloves)
MR       .....                  (no boots)
Stlth    ++........             (no amulet)
HPRegen  0.08/turn              (no ring)
MPRegen  0.10/turn              (no ring)

@: lethally poisoned (0 -> -6)
A: unfitting armour, cold-blooded, AC +5
a: no special abilities


You were on level 2 of the Dungeon.
You were near starving.

You visited 1 branch of the dungeon, and saw 2 of its levels.

You collected 27 gold pieces.

Inventory:

Hand Weapons
 c - a +0 dagger (weapon)
Scrolls
 a - a scroll of fog
Comestibles
 b - 3 rations


   Skills:
 - Level 1.7 Dodging
 - Level 1.7 Stealth
 + Level 2.5 Spellcasting
 + Level 1.9 Conjurations
 + Level 3.7 Fire Magic


You had 3 spell levels left.
You knew the following spells:

 Your Spells              Type           Power        Failure   Level  Hunger
a - Flame Tongue          Conj/Fire      ##...        6%          1    #......
b - Conjure Flame         Conj/Fire      ##......     19%         3    ###....


Dungeon Overview and Level Annotations

Branches:
Dungeon (2/15)

Altars:


Innate Abilities, Weirdness & Mutations

Your plain brown scales are hard. (AC +5)
You cannot fit into any form of body armour.
You are cold-blooded and may be slowed by cold attacks.


Message History

The scorpion is moderately wounded.
You feel sick. The scorpion stings you.
Casting: Flame Tongue (safe; 6% risk of failure)
Confirm with . or Enter, or press ? or * to list all spells.
Aiming: Flame Tongue (safe; 6% risk of failure)
Press: ? - help, Shift-Dir - straight line, f/p - scorpion
Aim: a scorpion (moderately wounded)
The flame tongue hits the scorpion.
The scorpion is severely wounded.
The scorpion misses you.
You hit the scorpion but do no damage.
The scorpion is severely wounded.
You feel sick. The scorpion stings you!
* * * LOW HITPOINT WARNING * * *
You closely miss the scorpion.
The scorpion is severely wounded.
The scorpion stings you but does no damage.
You hit the scorpion but do no damage.
Your tail-slap misses the scorpion.
The scorpion is severely wounded.
You die...

#.# #### #########.# #..###
##...#.....# ###....###
##.........## #..#.....##
#...........#
###.........###...........## #
###...####......#............####
#...### ##.#..............####..
#.### #.#...@s†)..#.....##..#
..##### #.#..................##
......#####.#..........####.##...
....................#.## ##......
......####..........#..##........
......# #.#.#.............##....
####### #.#.#...................
#..#...............###.#.
##..........#.#..######.#.


You could see a scorpion.

Vanquished Creatures
  An adder (D:2)
  An ooze (D:1)
  A dart slug (D:1)
  A leopard gecko (D:1)
  3 bats
  A giant cockroach (D:1)
  3 goblins
  6 hobgoblins
  4 kobolds
  4 ball pythons (D:1)
  3 frilled lizards
  4 rats
32 creatures vanquished.

Notes
Turn   | Place    | Note
-------+----------+-------------------------------------------
     0 | D:1      | JeffiDaFish the Draconian Fire Elementalist began the quest for the Orb.
     0 | D:1      | Reached XP level 1. HP: 14/14 MP: 3/3
    85 | D:1      | Reached XP level 2. HP: 20/20 MP: 0/5
  1332 | D:1      | Reached XP level 3. HP: 18/26 MP: 6/6
  1527 | D:1      | Learned a level 3 spell: Conjure Flame
  2195 | D:2      | Noticed a scorpion
  2537 | D:2      | HP: 1/26 [scorpion (7)]
  2539 | D:2      | Succumbed to a scorpion's poison

Vault maps used:
D:1:      ncdulo_halloftheorcs, serial_bayou_pond_e
D:2:      lemuel_doored_altar, first_ration, lightli_corner_chamber

Action                   || total
-------------------------++-------
Melee: Dagger            ||    36
       Tailslap          ||     1
 Cast: Flame Tongue      ||    56
  Use: Scroll            ||     2
       Potion            ||     1
  Eat: Chunk             ||     4
Armor: Skin              ||    21
Dodge: Dodged            ||    31

Table legend:
 A = Spawn XP
 B = Non-spawn XP
 C = Spawn XP percentage of total XP
 D = Spawn monster count
 E = Non-spawn monster count
 F = Spawn count percentage of total count
 G = Total turns spent on level
                    A         B        C        D         E        F      G
               +---------+---------+-------+---------+---------+-------+---------
         Total |       0 |      68 |   0.0 |       0 |      32 |   0.0 |  2539
               +---------+---------+-------+---------+---------+-------+---------
           D:1 |       0 |      43 |   0.0 |       0 |      23 |   0.0 |  2183
           D:2 |       0 |      25 |   0.0 |       0 |       9 |   0.0 |   356
               +---------+---------+-------+---------+---------+-------+---------
